 Dungeon Crawl Stone Soup version 0.27.1 (webtiles) character file.

Game seed: 1894873191283404056

26 ZARRMARR the Chiller (level 2, -6/15 HPs)
             Began as a Deep Elf Ice Elementalist on Aug 29, 2021.
             Mangled by a gnoll (8 damage)
             ... on level 1 of the Dungeon.
             The game lasted 00:03:18 (1594 turns).

ZARRMARR the Chiller (Deep Elf Ice Elementalist)    Turns: 1594, Time: 00:03:18

Health: -6/15      AC:  2    Str:  5    XL:     2   Next: 89%
Magic:  5/8        EV: 12    Int: 19    God:
Gold:   76         SH:  0    Dex: 15    Spells: 6/7 levels left

rFire    . . .     SeeInvis .   (no weapon)
rCold    . . .     Faith    .   (no shield)
rNeg     . . .     Spirit   .   a - +0 robe
rPois    .         Reflect  .   (no helmet)
rElec    .         Harm     .   (no cloak)
rCorr    .         Rampage  .   (no gloves)
Will     .....                  (no boots)
Stlth    ++........             (no amulet)
HPRegen  0.05/turn              (no ring)
MPRegen  0.11/turn              (no ring)

@: no status effects
A: no striking features
a: no special abilities


You were on level 1 of the Dungeon.
You visited 1 branch of the dungeon, and saw 2 of its levels.

You collected 76 gold pieces.

Inventory:

Armour
 a - a +0 robe (worn)
Scrolls
 b - a scroll of teleportation
Potions
 d - a potion of might
 e - a potion of heal wounds {unknown}


   Skills:
 + Level 2.6 Dodging
 + Level 2.7 Stealth
 + Level 3.3 Spellcasting
 - Level 5.0 Ice Magic


You had 6 spell levels left.
You knew the following spells:

 Your Spells              Type           Power      Damage    Failure   Level
a - Freeze                Ice            88%        1d10      1%          1

Your spell library contained the following spells:

 Spells                   Type           Power      Damage    Failure   Level
 Frozen Ramparts          Ice            44%        1d6       5%          3
 Ozocubu's Armour         Ice            22%        N/A       5%          3
 Slow                     Hex            3%         N/A       22%         2
 Confusing Touch          Hex            3%         N/A       41%         3
 Hailstorm                Conj/Ice       12%        3d5       45%         4
 Yara's Violent Unravell  Hex/Tmut       1%         3d3       99%         5


Dungeon Overview and Level Annotations

Branches:
Dungeon (2/15)

Altars:


Message History

You climb downwards.
Found a hand crossbow.
There is a stone staircase leading up here.
Casting: Freeze (safe; 1% risk of failure)
Confirm with . or Enter, or press ? or * to list all spells.
Aiming: Freeze (safe; 1% risk of failure)
Press: ? - help, Shift-Dir - straight line, f - gnoll
Aim: a gnoll, wielding a +0 flail (asleep)
You freeze the gnoll.
The gnoll shouts!
The gnoll is moderately wounded.
You hear a shout! x3; You hear an angry hiss.
The bat hits you. The gnoll barely misses you.
A gnoll comes into view. It is wielding a +0 spear.
You hear a shout! x2
The bat barely misses you. The bat hits you. The gnoll closely misses you.
You climb upwards.
There is a stone staircase leading down here.
Casting: Freeze (safe; 1% risk of failure)
Confirm with . or Enter, or press ? or * to list all spells.
Aiming: Freeze (safe; 1% risk of failure)
Press: ? - help, Shift-Dir - straight line, f - gnoll
Aim: a gnoll, wielding a +0 flail (moderately wounded)
You freeze the gnoll.
The gnoll is heavily wounded.
The bat misses you. The bat closely misses you.
The gnoll hits you with a +0 flail!
Ouch! That really hurt!
* * * LOW HITPOINT WARNING * * *
Casting: Freeze (safe; 1% risk of failure)
Confirm with . or Enter, or press ? or * to list all spells.
Aiming: Freeze (safe; 1% risk of failure)
Press: ? - help, Shift-Dir - straight line, f/p - gnoll
Aim: a gnoll, wielding a +0 flail (heavily wounded)
You freeze the gnoll!
The gnoll is almost dead.
The bat hits you but does no damage. x2; The bat barely misses you.
The gnoll hits you with a +0 flail!
Ouch! That really hurt!
You die...

#...##.###.# #....# #.#
#..........########..#.# #.#
#..###.##............#.# #.#
.......###.#########.#.## #.####
#.......................####.....
##....####.#####.......).....##.#
####.# #.# #.####...####.##.# #)#
#.# #g# ##.## #.##.# ###.# #.#
#@# #.#####.##.# ###<#.# #.# #b#
#........#.# #...#.# #.# #.#
#######..#.# ...##.# #.# #(#
#..#.. ...##.# #.# #)# #..#.#
....#.# #.# #.# ##..#.. ....#.#
#.# #.##########...... ...##.##
#.# #..............#.. ..###..#
#.# ###########....#..


You could see a gnoll and a bat.

Vanquished Creatures
  2 dart slugs (D:1)
  2 ball pythons (D:1)
  A giant cockroach (D:1)
  3 goblins (D:1)
  A hobgoblin (D:1)
  6 bats (D:1)
  2 kobolds (D:1)
  3 rats (D:1)
20 creatures vanquished.

Notes
Turn   | Place    | Note
-------+----------+-------------------------------------------
     0 | D:1      | ZARRMARR the Deep Elf Ice Elementalist began the quest for
                  | the Orb.
     0 | D:1      | Reached XP level 1. HP: 10/10 MP: 6/6
   555 | D:1      | Reached XP level 2. HP: 15/15 MP: 4/8
  1091 | D:1      | Reached skill level 5 in Ice Magic
  1166 | D:1      | Found a faded altar of an unknown god.
  1594 | D:1      | Mangled by a gnoll

Illustrated notes

Levels and vault maps discovered:
D:1:      minmay_arrival_jagged, layout_loops_ring,
          dreamdust_ecumenical_altar_hidden_monk_grotto
D:2:      layout_rooms

Skill      XL: |  1  2 |
---------------+-------+-----
Ice Magic      | 5 |  5.0
Dodging        | |  2.6
Stealth        | |  2.7
Spellcasting   | |  3.3

Action                   || total
-------------------------++-------
Melee: Unarmed           ||     2
 Cast: Freeze            ||    34
  Use: Scroll            ||     2
Armor: Robe              ||     7
Dodge: Dodged            ||    22
